 Dungeon Crawl Stone Soup version 0.17.1-2-g5865329 (webtiles) character file.

861 FortyThree the Martial Artist (level 8, -2/39 HPs)
             Began as a Vine Stalker Monk on Jan 15, 2016.
             Slain by a giant frog (7 damage)
             ... in a sewer.
             The game lasted 00:08:52 (2928 turns).

FortyThree the Martial Artist (Vine Stalker Monk)   Turns: 2928, Time: 00:08:53

Health: -2/39      AC:  3    Str: 15    XL:     8   Next: 2%
Magic:  0/9        EV: 10    Int:  8    God:
Gold:   208        SH:  0    Dex: 18    Spells: 0 memorised, 7 levels left

rFire  . . .     SeeInvis .       - Unarmed
rCold  . . .     Clarity  +     a - +0 robe
rNeg   . . .     SustAt   .     (no shield)
rPois  +         Gourm    .     (no helmet)
rElec  .         Spirit   +     (no cloak)
rCorr  .         Warding  .     e - +0 pair of gloves
rMut   .         Stasis   .     (no boots)
MR     +....                    o - amulet of clarity
Stlth  +.........               r - -2 ring of intelligence (curse)
                                c - ring of poison resistance

@: lethally poisoned (-2 -> -2), about to teleport, constricted, somewhat
resistant to hostile enchantments, very unstealthy
A: fangs 3, regeneration 2, magic shield, antimagic bite, no device heal 3, rot
immunity
a: no special abilities


You were in a sewer.
You were not hungry.

You visited 1 branch of the dungeon, and saw 4 of its levels.
You also visited: Sewer.

You collected 208 gold pieces.

Inventory:

Armour
 a - a +0 robe (worn)
 e - a +0 pair of gloves (worn)
 j - a +0 cloak
 t - a +2 robe of cold resistance
Jewellery
 c - a ring of poison resistance (left hand)
 i - an uncursed ring of sustain attributes
 l - an uncursed ring of ice
 o - an amulet of clarity (around neck)
 r - a cursed -2 ring of intelligence (right hand)
Wands
 v - a wand of confusion (31)
Scrolls
 h - a scroll of teleportation
 s - 2 scrolls of remove curse {unknown}
 w - 2 scrolls of fog {unknown}
 x - 4 scrolls of recharging {unknown}
 y - a scroll of magic mapping {unknown}
Potions
 d - a potion of agility {unknown}
 f - 2 potions of flight {unknown}
 k - 5 potions of curing {unknown}
 n - a potion of invisibility {unknown}
 p - 2 potions of degeneration {unknown}
 q - a potion of mutation {unknown}
 u - 3 potions of might
 A - a potion of heal wounds {unknown}
 B - a potion of magic {unknown}
Comestibles
 b - 4 bread rations
 g - a royal jelly
 m - a beef jerky
 z - 3 fruits


   Skills:
 - Level 2.6 Fighting
 - Level 2.4 Dodging
 - Level 2.4 Stealth
 + Level 9.7 Unarmed Combat


You had 7 spell levels left.
You didn't know any spells.

Dungeon Overview and Level Annotations

Branches:
Dungeon (4/15)
 Temple: D:4-7

Altars:
Elyvilon
Makhleb


Innate Abilities, Weirdness & Mutations

You have razor-sharp teeth.
You heal very quickly.
When hurt, damage is shared between your health and your magic reserves.
Your bite disrupts and absorbs the magic of your enemies.
Potions and wands cannot restore your health.
You are immune to rotting.


Message History

The giant frog barely misses you. The adder barely misses you.
The giant frog hits you.
The giant frog hits you but does no damage.
The ball python bites you. The ball python grabs you.
The ball python constricts you. The giant frog hits you!
* * * LOW HITPOINT WARNING * * *
Read which item? (? for menu, Esc to quit)
As you read the scroll of teleportation, it crumbles to dust.
You feel strangely unstable. The adder bites you.
The ball python barely misses you.
The ball python releases its grip on you.
The giant frog barely misses you.
The ball python bites you but does no damage.
The ball python barely misses you. The ball python bites you.
* * * LOW HITPOINT WARNING * * *
The ball python barely misses you. The adder misses you.
The ball python bites you but does no damage.
The ball python grabs you. The ball python constricts you.
The giant frog hits you!
You die...

#≈≈≈≈≈≈#
#≈≈≈≈
#≈≈≈≈≈≈#
#≈≈≈≈
#≈≈≈≈≈≈#
#≈≈≈≈
#≈≈≈≈≈≈#
#≈≈≈≈
#≈≈†≈≈≈#
#≈≈≈≈
#≈≈J≈≈≈#
#≈≈≈≈
#≈F≈≈≈≈#
#≈≈≈.
#SFS≈≈≈#
#≈≈..
#S@S≈≈≈#
#≈†..
#≈≈≈≈≈≈#
#≈.†≈
#≈≈≈≈≈≈#
#≈†≈≈
#≈≈≈≈≈≈#
#≈≈≈≈
#≈≈≈≈≈≈#
#≈≈≈≈
#≈≈≈≈≈≈#
#≈≈≈≈
#≈≈≈≈≈≈#####
#≈≈≈≈
#≈≈.≈.≈##..#
#.†..
#......##..#
##....


You could see 2 giant frogs, an ooze, an adder and 3 ball pythons.

Vanquished Creatures
  Grinder (D:3)
  Sigmund (D:2)
  The ghost of FortyThree the Sneak, an amateur VSAs (D:3)
  An ogre (D:4)
  A hound (D:4)
  Jessica (D:2)
  4 river rats
  7 adders
  7 gnolls
  An ooze (D:3)
  An adder skeleton (D:4)
  A worm (D:2)
  4 giant geckos
  6 bats
  2 giant cockroaches
  4 goblins
  8 hobgoblins
  3 jackals (D:3)
  3 kobolds
  17 ball pythons
  5 giant newts
  35 rats
114 creatures vanquished.

Notes
Turn   | Place    | Note
--------------------------------------------------------------
     0 | D:1      | FortyThree the Vine Stalker Monk began the quest for the Orb.
     0 | D:1      | Reached XP level 1. HP: 11/11 MP: 2/2
   178 | D:1      | Reached XP level 2. HP: 16/16 MP: 3/3
   519 | D:2      | Found a faded altar to an unknown god.
   549 | D:2      | Found a burning altar of Makhleb.
   573 | D:2      | Reached skill level 5 in Unarmed Combat
   573 | D:2      | Reached XP level 3. HP: 15/19 MP: 4/4
   851 | D:2      | Reached XP level 4. HP: 9/23 MP: 3/5
   859 | D:2      | HP: 1/23 [gnoll/club (3)]
   955 | D:2      | Noticed Jessica
   968 | D:2      | Killed Jessica
   968 | D:2      | Reached skill level 6 in Unarmed Combat
  1033 | D:2      | Reached XP level 5. HP: 22/27 MP: 6/6
  1068 | D:2      | Noticed Sigmund
  1082 | D:2      | Killed Sigmund
  1082 | D:2      | Reached skill level 7 in Unarmed Combat
  1082 | D:2      | Gained mutation: You heal very quickly. [Vine Stalker growth]
  1082 | D:2      | Reached XP level 6. HP: 22/32 MP: 4/7
  1303 | D:3      | Noticed FortyThree's ghost (amateur VSAs)
  1321 | D:3      | Killed FortyThree's ghost
  1339 | D:3      | Found a white marble altar of Elyvilon.
  1552 | D:3      | Noticed Grinder
  1553 | D:3      | Paralysed by Grinder for 4 turns
  1569 | D:3      | Killed Grinder
  1569 | D:3      | Reached skill level 8 in Unarmed Combat
  1569 | D:3      | Reached XP level 7. HP: 33/35 MP: 8/8
  2087 | D:4      | Reached skill level 9 in Unarmed Combat
  2529 | D:4      | Found a glowing drain.
  2535 | Sewer    | Entered a sewer
  2804 | Sewer    | Gained mutation: You have razor-sharp teeth. [Vine Stalker growth]
  2804 | Sewer    | Reached XP level 8. HP: 33/39 MP: 7/9
  2928 | Sewer    | Slain by a giant frog

Action                   |  1- 3 |  4- 6 |  7- 9 || total
-------------------------+-------+-------+-------++-------
Melee: Unarmed           |    90 |    95 |   160 ||   345
  Use: Scroll            |       |     3 |     1 ||     4
 Stab: Sleeping          |     6 |     1 |     3 ||    10
  Eat: Chunk             |       |     1 |     2 ||     3
       Bread ration      |       |       |     1 ||     1
